 Dungeon Crawl Stone Soup version 0.29-a0-878-g7b45a56547 (webtiles) character file.

Game seed: 1485620183408069581

240 freelancePsychic the Trooper (level 6, -2/49 HPs)
             Began as a Formicid Monk on July 20, 2022.
             Slain by Grinder (3 damage)
             ... on level 4 of the Dungeon.
             The game lasted 00:06:39 (2932 turns).

freelancePsychic the Trooper (Formicid Monk)        Turns: 2932, Time: 00:06:40

Health: -2/49      AC:  7    Str: 16    XL:     6   Next: 30%
Magic:  6/6        EV: 12    Int:  9    God:
Gold:   179        SH:  0    Dex: 18    Spells: 5/5 levels left

rFire   . . .      SeeInvis +   h - +0 sling
rCold   . . .      Faith    .   (no shield)
rNeg    . . .      Spirit   .   c - +1 leather armour
rPois   .          Reflect  .   (helmet unavailable)
rElec   .          Harm     .   d - +0 cloak
rCorr   .          Rampage  .   j - +0 pair of gloves
Will    .....                   i - +0 pair of boots
Stlth   ++........              (no amulet)
HPRegen 0.16/turn               (no ring)
MPRegen 0.10/turn               (no ring)

@: attractive
A: permanent stasis, dig shafts and tunnels, antennae 3, four strong arms
a: Dig, Shaft Self


You were on level 4 of the Dungeon.
You visited 1 branch of the dungeon, and saw 4 of its levels.

You collected 179 gold pieces.

Inventory:

Hand Weapons
 a - a +0 spear
 h - a +0 sling (weapon)
Armour
 b - a +0 robe
 c - a +1 leather armour (worn)
 d - a +0 cloak (worn)
 i - a +0 pair of boots (worn)
 j - a +0 pair of gloves (worn)
Scrolls
 g - 2 scrolls of identify {@r1}
Potions
 e - a potion of magic


   Skills:
 + Level 4.7 Fighting
 - Level 3.2 Polearms
 * Level 4.1 Ranged Weapons
 - Level 2.6 Dodging
 - Level 3.4 Stealth


You had 5 spell levels left.
You didn't know any spells.
Your spell library was empty.

Dungeon Overview and Level Annotations

Branches:
Dungeon (4/15)
 Temple: D:4-7

Altars:
Dithmenos
Fedhas

Annotations:
D:2 Sigmund
D:3 1 runed translucent door, Crazy Yiuf
D:4 Grinder


Innate Abilities, Weirdness & Mutations

You cannot be hasted, slowed, berserked, paralysed or teleported.
You can dig through walls and to a lower floor.
You have a pair of large antennae on your head. (SInv)
Your four strong arms can wield two-handed weapons with a shield.


Message History

Aim: Grinder (moderately wounded, 60% to hit)
You shoot a sling bullet. The sling bullet hits Grinder.
Grinder is moderately wounded.
Grinder blinks!
Grinder is attracted toward you.
Fire: h) +0 sling
Press: ? - help, Shift-Dir - straight line, f/p - Grinder
Aim: Grinder (moderately wounded, 60% to hit)
You shoot a sling bullet. The sling bullet hits Grinder.
Grinder is heavily wounded.
Grinder hits you but does no damage.
Fire: h) +0 sling
Press: ? - help, Shift-Dir - straight line, f/p - Grinder
Aim: Grinder (heavily wounded, 60% to hit)
You shoot a sling bullet.
The sling bullet closely misses Grinder.
Grinder hits you.
* * * LOW HITPOINT WARNING * * *
Fire: h) +0 sling
Press: ? - help, Shift-Dir - straight line, f/p - Grinder
Aim: Grinder (heavily wounded, 60% to hit)
You shoot a sling bullet. The sling bullet hits Grinder!
Grinder is heavily wounded.
Grinder blinks!
Fire: h) +0 sling
Press: ? - help, Shift-Dir - straight line, f/p - Grinder
Aim: Grinder (heavily wounded, 60% to hit)
You shoot a sling bullet. The sling bullet hits Grinder.
Grinder is severely wounded.
Grinder says, "Don't move a muscle."
Grinder barely misses you. Grinder gestures at you.
Pain shoots through your body!
* * * LOW HITPOINT WARNING * * *
Fire: h) +0 sling
Press: ? - help, Shift-Dir - straight line, f/p - Grinder
Aim: Grinder (severely wounded, 60% to hit)
You shoot a sling bullet. The sling bullet hits Grinder.
Grinder is severely wounded.
Grinder hits you.
You die...

#
..#####+#
........#
........#
.......@#
..##..5.#
#....#
......#
........#
......<.#
..##....#
#+ #....#


You could see Grinder.

Vanquished Creatures
  A bullfrog (D:3)
  Jessica (D:2)
  4 gnolls
  3 adders (D:2)
  2 worms
  5 orcs (D:3)
  4 bats
  6 endoplasms
  3 giant cockroaches
  10 goblins
  7 hobgoblins
  3 jackals (D:3)
  3 quokkas
  8 ball pythons
  2 frilled lizards
  2 kobolds
  8 rats
72 creatures vanquished.

Vanquished Creatures (others)
  8 fungi (D:2)
  8 plants (D:2)
16 creatures vanquished.

Grand Total: 88 creatures vanquished

Notes
Turn   | Place    | Note
-------+----------+-------------------------------------------
     0 | D:1      | freelancePsychic the Formicid Monk began the quest for the
                  | Orb.
     0 | D:1      | Reached XP level 1. HP: 18/18 MP: 1/1
   110 | D:1      | Reached XP level 2. HP: 23/24 MP: 2/2
   450 | D:1      | Reached XP level 3. HP: 26/29 MP: 3/3
   777 | D:2      | Reached skill level 1 in Ranged Weapons
   955 | D:2      | Reached XP level 4. HP: 37/37 MP: 4/4
  1351 | D:2      | Noticed Jessica
  1355 | D:2      | Killed Jessica
  1357 | D:2      | Reached XP level 5. HP: 42/42 MP: 5/5
  1612 | D:2      | Found a faded altar of an unknown god.
  1812 | D:2      | Noticed Sigmund
  1834 | D:3      | Noticed a bullfrog
  1847 | D:3      | Killed a bullfrog
  1848 | D:3      | Reached XP level 6. HP: 12/49 MP: 6/6
  2169 | D:3      | Found a blossoming altar of Fedhas.
  2169 | D:3      | Found a shadowy altar of Dithmenos.
  2311 | D:3      | Found a runed translucent door.
  2312 | D:3      | Noticed Crazy Yiuf
  2351 | D:3      | Noticed Grinder
  2931 | D:4      | HP: 1/49 [Grinder/nerve-wracking pain (10)]
  2932 | D:4      | Slain by Grinder

Illustrated notes

Levels and vault maps discovered:
D:1:      onia_arrival_mini_maze, layout_basic
D:2:      layout_rooms, shapermc_ecumenical_altar_mp_urbaneastern, uniq_sigmund,
          uniq_jessica
D:3:      layout_rooms, nicolae_overflow_hidden_temple,
          chequers_temple_overflow_minitemple, chequers_jeans, minivault_5,
          uniq_crazy_yiuf_cottage, uniq_grinder
D:4:      layout_gridville, lemuel_coloured_pillars_altar

Skill      XL: |  1  2  3  4  5  6 |
---------------+-------------------+-----
Stealth        | 3 |  3.4
Ranged Weapons | 1 2 3 4 |  4.1
Fighting       | 4 |  4.7
Polearms       | |  3.2
Dodging        | |  2.6

Action                   |  1- 3 |  4- 6 || total
-------------------------+-------+-------++-------
Melee: Spear             |    21 |       ||    21
 Fire: Sling             |    59 |   174 ||   233
  Use: Potion            |     1 |     3 ||     4
       Scroll            |       |     5 ||     5
 Stab: Sleeping          |     3 |       ||     3
Armor: Robe              |    11 |       ||    11
       Leather armour    |       |    36 ||    36
Dodge: Dodged            |    40 |    79 ||   119

Table legend: (Time is in decaauts)
 A = Elapsed time spent in this place.
 B = Non-inter-level travel time spent in this place.
 C = Inter-level travel time spent in this place.
 D = Time resting spent in this place.
 E = Time spent auto-exploring this place.
 F = Levels seen in this place.
 G = Mean time per level.
                   A        B        C        D        E       F      G
               +--------+--------+--------+--------+--------+-----+--------+
         Total |   2999 |   2814 |    185 |    112 |   2077 |   4 |  749.8 |
       Dungeon |   2999 |   2814 |    185 |    112 |   2077 |   4 |  749.8 |
               +--------+--------+--------+--------+--------+-----+--------+

Top non-repeatable levels by time:
     D:1: 1300 daAuts
     D:3: 872 daAuts
     D:2: 814 daAuts
     D:4: 11 daAuts
